 Dungeon Crawl Stone Soup version 0.31-a0-819-gf6de2f5ab6 (webtiles) character file.

Game seed: 14511847776401524007

4 qw the Shooter (level 1, 0/12 HPs)
             Began as a Gargoyle Hunter on Sept 23, 2023.
             Slain by a jackal (1 damage)
             ... on level 2 of the Dungeon.
             The game lasted 00:00:04 (102 turns).

qw the Shooter (Gargoyle Hunter)                     Turns: 102, Time: 00:00:04

Health: 0/12       AC:  5    Str: 14    XL:     1   Next: 60%
Magic:  1/1        EV: 11    Int:  9    God:
Gold:   13         SH:  0    Dex: 13    Spells: 0/0 levels left

rFire   . . .        a - +0 shortbow
rCold   . . .        (shield currently unavailable)
rNeg    + . .        c - +0 leather armour
rPois   inf          (no helmet)
rElec   +            (no cloak)
rCorr   .            (no gloves)
SInv    .            (no boots)
Will    .....        (no amulet)
Stlth   +            (no ring)
HPRegen 0.22/turn    (no ring)
MPRegen 0.07/turn

%: no passive effects
@: no status effects
A: sickness immunity, AC +2, negative energy resistance 1, electricity
resistance, torment resistance 1, petrification resistance
a: no special abilities


You were on level 2 of the Dungeon.
You visited 1 branch of the dungeon, and saw 2 of its levels.

You collected 13 gold pieces.


Innate Abilities, Weirdness & Mutations

You are immune to sickness and miasma.
Your stone body is resilient. (AC +2)
You are immune to poison.
You resist negative energy. (rN+)
You are resistant to electric shocks. (rElec)
You are resistant to unholy torment.
You are immune to petrification.


   Skills:
 - Level 2.1 Fighting
 + Level 4.2 Ranged Weapons
 - Level 1.5 Dodging
 - Level 1.1 Stealth


You couldn't memorise any spells.
You didn't know any spells.
Your spell library was empty.

Inventory:

Hand Weapons
 a - a +0 shortbow (weapon)
Armour
 c - a +0 leather armour (worn)
 d - a +0 ring mail
Jewellery
 f - an amulet of reflection
Scrolls
 b - a scroll of butterflies
 e - a scroll of enchant armour {unknown}

Dungeon Overview and Level Annotations

Branches:
Dungeon (2/15)

Altars:


Message History

You shoot an arrow. The arrow barely misses the jackal.
You shoot an arrow. The arrow barely misses the jackal.
You shoot an arrow. The arrow hits the jackal!
You kill the jackal!
A jackal comes into view.
You shoot an arrow.
The arrow hits the jackal but does no damage.
You shoot an arrow. The arrow barely misses the jackal.
You shoot an arrow. The arrow barely misses the jackal.
A jackal comes into view. x2
You shoot an arrow. The arrow barely misses the jackal.
The jackal barks! x2
The jackal closely misses you.
You shoot an arrow. The arrow barely misses the jackal.
The jackal bites you.
The jackal bites you but does no damage.
You shoot an arrow. The arrow barely misses the jackal. x2
The jackal bites you but does no damage.
The jackal pauses to sniff the ground.
The jackal bites you but does no damage.
You shoot an arrow. The arrow hits the jackal.
The jackal is moderately wounded.
The jackal bites you.
You shoot an arrow.
The arrow hits the jackal but does no damage.
The jackal is moderately wounded.
The jackal bites you but does no damage.
The jackal barely misses you.
You shoot an arrow. The arrow hits the jackal.
The jackal is almost dead.
The jackal bites you.
The jackal bites you but does no damage.
The jackal bites you. x2; The jackal barely misses you. x2
You shoot an arrow. The arrow barely misses the jackal.
The jackal bites you. The jackal barely misses you.
The jackal bites you but does no damage.
You shoot an arrow. The arrow hits the jackal.
You kill the jackal!
The jackal bites you. x2
You die...

# #.
.#.#.#.
...#.#.##
##+#
.....#...
...#
......#...#
....#...# #
#hh....#
#.#%@#
#.#.>#
#....#
###.## #.#
#.# #.# #.#
#.#######.#


You could see 2 jackals.

Vanquished Creatures
  A dart slug (D:1)
  2 jackals (D:2)
3 creatures vanquished.

Notes
Turn   | Place    | Note
-------+----------+-------------------------------------------
     0 | D:1      | qw the Gargoyle Hunter began the quest for the Orb.
     0 | D:1      | Reached XP level 1. HP: 12/12 MP: 1/1
     0 | D:1      | 0 ||| qw: Version: 0.3-a-83-gcd0e7d8
     0 | D:1      | 0 ||| qw: Game counter: 1714
     0 | D:1      | 0 ||| qw: Melee chars always use a shield: true
     0 | D:1      | 0 ||| qw: God list: Okawaru
     0 | D:1      | 0 ||| qw: Allow faded altars: false
     0 | D:1      | 0 ||| qw: Do Orc after clearing Dungeon:15 true
     0 | D:1      | 0 ||| qw: Do second Lair branch before Depths: true
     0 | D:1      | 0 ||| qw: Lair rune preference: random
     0 | D:1      | 0 ||| qw: Goals: Normal
     0 | D:1      | 0 ||| PLANNING D:1-11
    76 | D:1      | You fall into a shaft and drop 1 floor!
   101 | D:2      | HP: 3/12 [jackal (2)]
   102 | D:2      | HP: 1/12 [jackal (2)]
   102 | D:2      | Slain by a jackal

Levels and vault maps discovered:
D:1:      mushboom_english_gardens, layout_basic, kennysheep_pointless_box,
          minmay_tetromino_i4
D:2:      layout_basic, serial_shops, shop_statue, nicolae_shop_back_alley_shop,
          nicolae_shop_tiny_real_fake_doors, shop, nicolae_shop_window_shopping,
          dreamdust_ecumenical_altar_angels_and_demons

Action                     || total
---------------------------++-------
   Fire: Shortbow          ||    18
 Armour: Leather armour    ||    14
  Dodge: Dodged            ||     5

Table legend:
 A = Non-vault XP
 B = Vault XP
 C = Vault XP percentage of total XP
 D = Non-vault monster count
 E = Vault monster count
 F = Vault count percentage of total count
                 A         B        C        D         E       F
            +---------+---------+-------+---------+---------+-------
      Total |       8 |       0 |   0.0 |       3 |       0 |   0.0
            +---------+---------+-------+---------+---------+-------
        D:1 |       4 |       0 |   0.0 |       1 |       0 |   0.0
        D:2 |       4 |       0 |   0.0 |       2 |       0 |   0.0
            +---------+---------+-------+---------+---------+-------
